 Dungeon Crawl Stone Soup version 0.24-a0-317-g5cb8de4 (webtiles) character file.

Game seed: 11137137694893796253

7711 mhoghedin the Magician (level 10, -4/80 HPs)
             Began as a Demigod Necromancer on May 16, 2019.
             Slain by a spiny frog (19 damage)
             ... on level 1 of the Lair of Beasts.
             The game lasted 00:37:19 (15298 turns).

mhoghedin the Magician (Demigod Necromancer)       Turns: 15298, Time: 00:37:20

Health: -4/80      AC:  6    Str: 11    XL:     10   Next: 68%
Magic:  17/24      EV: 14    Int: 25    God:
Gold:   562        SH:  0    Dex: 16    Spells: 2/23 levels left

rFire    . . .     SeeInvis .   a - +3 dagger (venom)
rCold    + . .     Gourm    .   (no shield)
rNeg     . . .     Faith    .   r - +0 robe
rPois    .         Spirit   .   (no helmet)
rElec    .         Reflect  .   q - +0 cloak
rCorr    +         Harm     .   e - +1 pair of gloves
MR       +....                  (no boots)
Stlth    +++.......             (no amulet)
HPRegen  0.23/turn              i - ring of protection from cold {rC+, !d}
MPRegen  0.19/turn              m - ring of resist corrosion

@: confusing touch
A: rugged brown scales 1, high mp 1, MP-powered wands
a: no special abilities


You were on level 1 of the Lair of Beasts.
You were not hungry.

You visited 2 branches of the dungeon, and saw 10 of its levels.
You also visited: Sewer.

You collected 562 gold pieces.

Inventory:

Hand Weapons
 a - a +3 dagger of venom (weapon)
   (You took it off a kobold on level 3 of the Dungeon)
 b - a +2 falchion of flaming
   (You found it on level 5 of the Dungeon)
Missiles
 u - 43 poisoned darts (quivered)
 x - 2 throwing nets {=f, !d}
Armour
 e - a +1 pair of gloves (worn)
   (You found it on level 1 of the Dungeon)
 q - a +0 cloak (worn)
   (You found it on level 8 of the Dungeon)
 r - a +0 robe (worn)
Jewellery
 i - a ring of protection from cold (left hand) {rC+, !d}
   (You found it on level 1 of the Dungeon)
 m - a ring of resist corrosion (right hand)
   (You found it on level 4 of the Dungeon)
Wands
 y - a wand of digging (6)
   (You took it off a gnoll on level 9 of the Dungeon)
Scrolls
 d - 2 scrolls of blinking {!r}
 f - 2 scrolls of teleportation
 g - a scroll of fear
 j - 3 scrolls of remove curse
 t - 2 scrolls of identify
Potions
 h - 2 potions of lignification {!q}
 k - a potion of heal wounds
 l - 4 potions of curing
 n - 2 potions of brilliance
 o - 3 potions of mutation {!q}
 p - a potion of ambrosia
 s - a potion of agility
 v - a potion of berserk rage {!q}
Comestibles
 c - 8 rations


   Skills:
 - Level 3.8 Fighting
 - Level 6.0(6.2) Short Blades
 - Level 2.0(4.3) Long Blades
 - Level 3.8 Dodging
 - Level 5.5 Stealth
 - Level 7.1 Spellcasting
 - Level 6.1 Hexes
 - Level 1.0 Charms
 + Level 3.0 Summonings
 - Level 6.4 Necromancy
 + Level 3.0 Ice Magic


You had 2 spell levels left.
You knew the following spells:

 Your Spells              Type           Power        Failure   Level  Hunger
a - Pain                  Necr           ####         1%          1    None
b - Animate Dead          Necr           N/A          4%          4    ###....
c - Confusing Touch       Hex            #####.       1%          1    None
d - Cause Fear            Hex            #####.....   5%          4    ###....
e - Summon Ice Beast      Ice/Summ       ###.....     19%         4    ###....
r - Regeneration          Chrm/Necr      ####......   4%          3    None
x - Vampiric Draining     Necr           #####.....   1%          3    None
A - Animate Skeleton      Necr           N/A          1%          1    None

Your spell library contained the following spells:

 Spells                   Type           Power        Failure   Level  Hunger
 Summon Small Mammal      Summ           ###.         1%          1    None
 Call Imp                 Summ           ###.....     3%          2    None
 Apportation              Tloc           #.....       7%          1    None
 Summon Guardian Golem    Hex/Summ       ####....     3%          3    None
 Call Canine Familiar     Summ           ###.....     6%          3    None
 Summon Lightning Spire   Summ/Air       ###.....     34%         4    ###....
 Silence                  Hex/Air        ###.......   45%         5    #####..
 Yara's Violent Unravell  Hex/Tmut       ###.......   45%         5    #####..
 Deflect Missiles         Chrm/Air       ##........   100%        6    ######.
 Discord                  Hex            #####.....   100%        8    #######


Dungeon Overview and Level Annotations

Branches:
Dungeon (9/15)             Temple (0/1) D:5            Lair (1/6) D:9
    Orc: D:9-12

Shops:
D:7 %

Annotations:
D:7 exclusion: 4 doors


Innate Abilities, Weirdness & Mutations

You have an increased reservoir of magic. (+10% MP)
You are partially covered in rugged brown scales. (AC +1, +3% HP)
You expend magic power (3 MP) to strengthen your wands.


Message History

The porcupine bites you.
You take 2 damage, and have 48/80 hp.
You closely miss the porcupine. You hit the porcupine.
You kill the porcupine!
You see here a porcupine corpse.
You butcher the porcupine corpse.
w - a chunk of flesh {@w0} You see here a porcupine skeleton.
You start resting.
Health restored: 80
l - 6 potions of curing (gained 1)
A hippogriff comes into view.
A hippogriff is nearby!
The helpless hippogriff fails to defend itself.
You stick the hippogriff like a pincushion!!!
You kill the hippogriff!
A basilisk comes into view.
A basilisk is nearby!
You see here 12 gold pieces.
The basilisk hisses angrily.
You hit the basilisk but do no damage.
The basilisk is poisoned.
The basilisk bites you.
You take 3 damage, and have 77/80 hp.
You closely miss the basilisk. The basilisk gazes at you.
You easily resist.
You hit the basilisk but do no damage.
The basilisk looks as sick as possible!
Aim: a basilisk (lightly wounded, poisoned)
You feel life coursing into your body. The basilisk misses you.
You now have 21/24 mp.
You hit the basilisk but do no damage.
The basilisk looks as sick as possible!
The basilisk bites you!
You take 10 damage, and have 69/80 hp.
You hit the basilisk but do no damage. The basilisk bites you.
You take 1 damage, and have 68/80 hp.
You hit the basilisk. You hit the basilisk.
The basilisk looks as sick as possible!
The basilisk barely misses you.
Unknown command.
Aim: a basilisk (severely wounded, poisoned)
You feel life coursing into your body.
You kill the basilisk!
Your Summonings skill increases to level 3!
Your Ice Magic skill increases to level 3!
You regained 5 hp, and now have 74/80 hp.
You now have 19/24 mp.
You now have 542 gold pieces (gained 12).
c - 8 rations (gained 1)
You now have 562 gold pieces (gained 20).
A spiny frog comes into view.
All of the chunks of flesh in your inventory have rotted away.
Health restored: 80; MP restored: 24 A spiny frog is nearby!
Okay, then.
Your hands begin to glow red.
The spiny frog stings you but does no damage.
You now have 23/24 mp.
You hit the spiny frog but do no damage.
The spiny frog appears confused.
The spiny frog stings you but does no damage.
You hit the spiny frog but do no damage.
No target in view!
The spiny frog is too close now for your liking.
You hit the spiny frog but do no damage.
You hit the spiny frog but do no damage.
MP restored: 24 You hit the spiny frog but do no damage.
The spiny frog seems less confused.
The spiny frog stings you!!
You take 23 damage, and have 57/80 hp.
MASSIVE DAMAGE!!
Your hands begin to glow red.
The spiny frog stings you but does no damage.
You now have 23/24 mp.
You hit the spiny frog but do no damage.
The spiny frog misses you.
You hit the spiny frog but do no damage.
The spiny frog stings you.
You are poisoned.
The spiny frog poisons you!
You take 6 damage, and have 52/80 hp.
A chill wind blows around you.
You feel sick. The spiny frog stings you!!
You take 25 damage, and have 27/80 hp.
MASSIVE DAMAGE!!
You now have 19/24 mp.
Aim: a spiny frog (chance to confuse on hit: 56%)
You feel life coursing into your body.
You feel sick. The spiny frog stings you!!
* * * LOW HITPOINT WARNING * * *
Your ice beast closely misses the spiny frog.
You take 20 damage, and have 7/80 hp.
MASSIVE DAMAGE!!
You now have 16/24 mp.
You feel better. The spiny frog stings you!
* * * LOW HITPOINT WARNING * * *
You are lethally poisoned!
The spiny frog poisons you!
Your ice beast barely misses the spiny frog.
You feel better. The spiny frog stings you!!
You die...

#.....## ##.....##
##......P#
#.......####
#.#......#P##
###.........##
####..........
##.#...........
#.#@.Y.........
.#...F..........
#.................
####..............
###.......$....
...............
................
....#...........
...###.........#


You could see a spiny frog and a friendly ice beast.

Vanquished Creatures
  Harold (D:9)
  A komodo dragon (D:9)
  2 hornets (D:9)
  3 hippogriffs
  A wyvern (D:8)
  A basilisk (Lair:1)
  4 yaks (D:9)
  Grum (D:8)
  Duvessa (D:4)
  2 soldier ants (D:9)
  3 water moccasins
  A porcupine (Lair:1)
  4 sky beasts
  A black bear (D:9)
  2 ice beasts
  4 orc warriors
  A hornet zombie (D:9)
  2 wolves (D:8)
  A phantom (D:7)
  5 ogres
  A centaur (D:5)
  A crocodile (D:7)
  A big kobold (D:9)
  4 bullfrogs
  Dowan (D:4)
  3 scorpions
  6 howler monkeys
  An electric eel (D:7)
  A crimson imp (D:5)
  3 jellies
  A bullfrog zombie (D:6)
  2 centaur zombies
  3 quasits
  6 orc priests
  A hound (D:4)
  13 orc wizards
  A centaur skeleton (D:8)
  4 worker ants
  A hound skeleton (D:8)
  10 gnolls
  A worker ant zombie (D:6)
  6 adders
  5 shadow imps
  2 adder skeletons
  An adder zombie (D:5)
  4 worms
  5 dart slugs
  3 leopard geckos
  30 orcs
  5 bats
  13 giant cockroaches
  8 goblins
  7 hobgoblins
  A quokka (D:9)
  4 ball pythons
  7 frilled lizards
  A jackal zombie (D:8)
  12 kobolds
  A quokka zombie (D:7)
  18 rats
239 creatures vanquished.

Vanquished Creatures (collateral kills)
  A centaur (D:8)
  A howler monkey (D:8)
  A gnoll (D:5)
  An adder (D:8)
  An orc (D:8)
  2 giant cockroaches (Sewer)
  A ball python (Sewer)
8 creatures vanquished.

Vanquished Creatures (others)
  A plant (D:9)
1 creature vanquished.

Grand Total: 248 creatures vanquished

Notes
Turn   | Place    | Note
-------+----------+-------------------------------------------
     0 | D:1      | mhoghedin the Demigod Necromancer began the quest for the
                  | Orb.
     0 | D:1      | Reached XP level 1. HP: 14/14 MP: 5/5
     2 | D:1      | Learned a level 1 spell: Animate Skeleton
   241 | D:1      | Reached skill level 4 in Necromancy
   526 | D:1      | Reached XP level 2. HP: 15/20 MP: 2/7
  1600 | D:2      | Found a glowing silver altar of Zin.
  1601 | D:2      | Noticed an angel
  1602 | D:2      | Found a shimmering altar of Xom.
  1966 | D:2      | Reached XP level 3. HP: 22/26 MP: 3/8
  2339 | D:2      | Found a hazy altar of Hepliaklqana.
  2518 | D:2      | Learned a level 3 spell: Vampiric Draining
  2777 | D:3      | Reached skill level 5 in Necromancy
  3249 | D:3      | Reached XP level 4. HP: 26/33 MP: 1/9
  3409 | D:3      | Found a faded altar of an unknown god.
  3465 | D:3      | Found a shattered altar of Ashenzari.
  3730 | D:4      | Noticed Dowan
  3730 | D:4      | Noticed a phantom
  3899 | D:4      | Noticed Duvessa
  3992 | D:3      | Reached skill level 6 in Necromancy
  3992 | D:3      | Reached XP level 5. HP: 29/38 MP: 3/10
  4159 | D:4      | Killed Duvessa
  4159 | D:4      | Reached skill level 3 in Spellcasting
  4251 | D:4      | Killed Dowan
  4251 | D:4      | Reached XP level 6. HP: 33/45 MP: 6/14
  4619 | D:4      | Learned a level 4 spell: Animate Dead
  4623 | D:4      | Learned a level 3 spell: Regeneration
  4634 | D:4      | Reached skill level 4 in Spellcasting
  4945 | D:5      | Entered Level 5 of the Dungeon
  4965 | D:5      | Found a staircase to the Ecumenical Temple.
  5036 | D:5      | Reached skill level 1 in Charms
  5280 | D:4      | Reached skill level 2 in Dodging
  5541 | D:5      | Reached skill level 1 in Fighting
  5541 | D:5      | Reached XP level 7. HP: 48/52 MP: 12/16
  5723 | D:5      | Found a basalt altar of Yredelemnul.
  5985 | D:5      | Found a glowing golden altar of the Shining One.
  6345 | D:5      | Reached skill level 2 in Fighting
  6345 | D:5      | Reached skill level 3 in Dodging
  6431 | D:5      | Reached skill level 2 in Short Blades
  6520 | D:6      | Found an iron altar of Okawaru.
  6556 | D:6      | Found an ornate altar of the Wu Jian Council.
  6593 | D:6      | HP: 11/55 [centaur zombie (4)]
  6610 | D:6      | HP: 13/55 [bullfrog zombie (3)]
  6613 | D:6      | Reached skill level 3 in Short Blades
  6619 | D:6      | HP: 11/55 [orc priest/divine providence (11)]
  6699 | D:6      | Learned a level 1 spell: Confusing Touch
  6872 | D:6      | Found a glowing drain.
  6888 | Sewer    | Entered a sewer
  7004 | Sewer    | Reached skill level 2 in Stealth
  7429 | D:6      | Reached skill level 1 in Hexes
  7429 | D:6      | Reached XP level 8. HP: 56/60 MP: 13/17
  7531 | D:6      | HP: 9/60 [orc warrior/+0 flail (11)]
  7537 | D:6      | Reached skill level 4 in Short Blades
  7929 | D:6      | Found an ornate altar of the Wu Jian Council.
  8010 | D:7      | Reached skill level 3 in Stealth
  8052 | D:7      | Reached skill level 2 in Hexes
  8068 | D:7      | Found Jinag's Food Shoppe.
  8532 | D:7      | Reached skill level 3 in Hexes
  8763 | D:7      | Reached skill level 5 in Short Blades
  8763 | D:7      | Reached skill level 4 in Stealth
  9228 | D:7      | Gained mutation: You expend magic power (3 MP) to
                  | strengthen your wands. [potion of mutation]
  9228 | D:7      | Gained mutation: You are partially covered in rugged brown
                  | scales. (AC +1, +3% HP) [potion of mutation]
  9973 | D:8      | Reached XP level 9. HP: 48/68 MP: 5/18
  9981 | D:8      | Reached skill level 5 in Stealth
  9981 | D:8      | Reached skill level 4 in Hexes
 10263 | D:7      | HP: 8/68 [orc warrior/+0 dire flail (25)]
 10264 | D:7      | Reached skill level 6 in Short Blades
 10538 | D:7      | Reached skill level 3 in Fighting
 11009 | D:8      | Reached skill level 5 in Hexes
 11009 | D:8      | Noticed Grum
 11026 | D:8      | HP: 12/70 [hippogriff (9)]
 11347 | D:8      | HP: 16/70 [hippogriff (10)]
 11347 | D:8      | HP: 6/70 [hippogriff (5)]
 11445 | D:8      | Killed Grum
 11445 | D:8      | Reached skill level 5 in Spellcasting
 11460 | D:8      | Learned a level 4 spell: Cause Fear
 11775 | D:8      | Found a bloodstained altar of Trog.
 12143 | D:9      | Reached skill level 6 in Hexes
 12176 | D:9      | Reached skill level 1 in Long Blades
 12176 | D:9      | Reached XP level 10. HP: 34/79 MP: 4/22
 12414 | D:9      | Found an ancient bone altar of Kikubaaqudgha.
 12414 | D:9      | Found a white marble altar of Elyvilon.
 13135 | D:9      | Reached skill level 2 in Long Blades
 13151 | D:9      | Reached skill level 6 in Spellcasting
 13228 | D:9      | Noticed Harold
 13257 | D:9      | Killed Harold
 13265 | D:9      | Learned a level 4 spell: Summon Ice Beast
 13448 | D:9      | Reached skill level 7 in Spellcasting
 13991 | D:9      | Reached skill level 1 in Summonings
 13991 | D:9      | Reached skill level 1 in Ice Magic
 14374 | D:9      | Found a sacrificial altar of Ru.
 14381 | D:9      | Found a sparkling altar of Nemelex Xobeh.
 14415 | D:9      | Reached skill level 2 in Summonings
 14415 | D:9      | Reached skill level 2 in Ice Magic
 14594 | D:9      | Found a staircase to the Lair.
 14624 | D:9      | HP: 16/80 [komodo dragon (17)]
 14670 | D:9      | HP: 4/80 [komodo dragon (25)]
 15035 | Lair:1   | Entered Level 1 of the Lair of Beasts
 15231 | Lair:1   | Reached skill level 3 in Summonings
 15231 | Lair:1   | Reached skill level 3 in Ice Magic
 15296 | Lair:1   | HP: 7/80 [spiny frog (24)]
 15298 | Lair:1   | Slain by a spiny frog

Levels and vault maps discovered:
D:1:      scummos_arrival_forest, layout_basic
D:2:      layout_loops_corners, grunt_temple_overflow_order_and_chaos_1,
          nicolae_overflow_hidden_temple
D:3:      layout_loops_ring, overflow_temple_1_default,
          chequers_ecumenical_altar_island, minmay_quantized
D:4:      layout_basic, first_ration, small_statue_intersection, uniq_duvessa
D:5:      wad_lake_hut, layout_basic, yredelemnul_altar_generic,
          minmay_temple_entry_offerings, nicolae_tso_carved_into_rock
D:6:      layout_rooms, old_standard_altar, lemuel_doored_altar, basic_altar,
          portal_sewer_entry_e, nicolae_underground_beach
D:7:      layout_basic, serial_shops, kennysheep_mini_moat,
          kennysheep_big_empty_room
D:8:      layout_cave_pools, lightli_temple_of_fire, uniq_grum
D:9:      layout_long_grid, grunt_temple_overflow_cloverleaf,
          david_lair_shrubbed, hangedman_pestilent_swarm, dk_rats_in_the_wall,
          uniq_harold
Lair:1:   layout_layer_cave, serial_bayou_shore_b

Skill      XL: |  1  2  3  4  5  6  7  8  9 10 |
---------------+-------------------------------+-----
Necromancy     | 4 5 6 |  6.4
Spellcasting   | 3 4 5 7 |  7.1
Charms         | 1 |  1.0
Dodging        | 2 3 |  3.8
Fighting       | 1 2 3 |  3.8
Short Blades   | 3 5 6 |  6.0
Stealth        | 2 4 5 |  5.5
Hexes          | 1 3 6 |  6.1
Long Blades    | 1 2 |  2.0
Summonings     | 3 |  3.0
Ice Magic      | 3 |  3.0

Action                   |  1- 3 |  4- 6 |  7- 9 | 10-12 || total
-------------------------+-------+-------+-------+-------++-------
Melee: Unarmed           |     1 |       |       |       ||     1
       Dagger            |     1 |   116 |   349 |   191 ||   657
       Falchion          |       |       |    70 |    37 ||   107
 Cast: Pain              |    97 |    15 |       |       ||   112
       Animate Skeleton  |    11 |     2 |     4 |       ||    17
       Vampiric Draining |     1 |    22 |    73 |    18 ||   114
       Animate Dead      |       |     1 |     5 |     1 ||     7
       Confusing Touch   |       |       |    17 |    12 ||    29
       Regeneration      |       |       |     6 |     4 ||    10
       Cause Fear        |       |       |     4 |     3 ||     7
       Summon Ice Beast  |       |       |       |     1 ||     1
  Use: Scroll            |       |    14 |     3 |     1 ||    18
       Potion            |       |     2 |     5 |     2 ||     9
 Stab: Sleeping          |       |     4 |     4 |     2 ||    10
       Confused          |       |       |     7 |    12 ||    19
  Eat: Chunk             |     5 |     2 |    10 |     7 ||    24
       Ration            |     1 |     2 |     6 |     1 ||    10
Armor: Robe              |     3 |    25 |   118 |    55 ||   201
       Skin              |       |       |    28 |       ||    28
Dodge: Dodged            |     7 |    86 |   339 |   144 ||   576
       Rpst.: Falchion   |       |       |    17 |    14 ||    31

Table legend:
 A = Non-vault XP
 B = Vault XP
 C = Vault XP percentage of total XP
 D = Non-vault monster count
 E = Vault monster count
 F = Vault count percentage of total count
                 A         B        C        D         E       F
            +---------+---------+-------+---------+---------+-------
      Total |    8204 |    2812 |  25.5 |     206 |      41 |  16.6
            +---------+---------+-------+---------+---------+-------
        D:1 |      27 |       0 |   0.0 |      17 |       0 |   0.0
        D:2 |      50 |       0 |   0.0 |      21 |       0 |   0.0
        D:3 |      96 |      13 |  11.9 |      21 |       4 |  16.0
        D:4 |     294 |     233 |  44.2 |      13 |       2 |  13.3
        D:5 |     583 |       0 |   0.0 |      17 |       0 |   0.0
        D:6 |     591 |      13 |   2.2 |      24 |       8 |  25.0
        D:7 |    1587 |       0 |   0.0 |      23 |       0 |   0.0
        D:8 |    1535 |     414 |  21.2 |      24 |       3 |  11.1
        D:9 |    2853 |    2110 |  42.5 |      43 |       6 |  12.2
     Lair:1 |     588 |       0 |   0.0 |       3 |       0 |   0.0
      Sewer |       0 |      29 | 100.0 |       0 |      18 | 100.0
            +---------+---------+-------+---------+---------+-------

Levels and vault maps discovered:
D:1:      scummos_arrival_forest, layout_basic
D:2:      layout_loops_corners, grunt_temple_overflow_order_and_chaos_1,
          nicolae_overflow_hidden_temple
D:3:      layout_loops_ring, overflow_temple_1_default,
          chequers_ecumenical_altar_island, minmay_quantized
D:4:      layout_basic, first_ration, small_statue_intersection, uniq_duvessa
D:5:      wad_lake_hut, layout_basic, yredelemnul_altar_generic,
          minmay_temple_entry_offerings, nicolae_tso_carved_into_rock
D:6:      layout_rooms, old_standard_altar, lemuel_doored_altar, basic_altar,
          portal_sewer_entry_e, nicolae_underground_beach
D:7:      layout_basic, serial_shops, kennysheep_mini_moat,
          kennysheep_big_empty_room
D:8:      layout_cave_pools, lightli_temple_of_fire, uniq_grum
D:9:      layout_long_grid, grunt_temple_overflow_cloverleaf,
          david_lair_shrubbed, hangedman_pestilent_swarm, dk_rats_in_the_wall,
          uniq_harold
Lair:1:   layout_layer_cave, serial_bayou_shore_b

Table legend:
 A = Turns spent in this place as a percentage of turns spent in the entire game.
 B = Non-inter-level travel turns spent in this place as a percentage of non-inter-level travel turns spent in the entire game.
 C = Inter-level travel turns spent in this place as a percentage of turns spent in this place.
 D = Turns resting spent in this place as a percentage of non-inter-level travel turns spent in this place.
 E = Turns spent auto-exploring this place as a percentage of non-inter-level travel turns spent in this place.
 F = Non-inter-level travel turns spent in this place divided by the number of levels of this place that you've seen.
                   A       B       C       D       E      F
               +-------+-------+-------+-------+-------+----------------------
         Total | 100.0 | 100.0 |   4.2 |  41.2 |  38.5 | 1332.1
       Dungeon |  95.2 |  95.0 |   4.4 |  42.5 |  38.1 | 1546.3
          Lair |   1.7 |   1.8 |   0.4 |  50.4 |  29.0 | 262.0
         Sewer |   3.1 |   3.2 |   0.0 |   0.0 |  55.5 | 474.0
               +-------+-------+-------+-------+-------+----------------------

Table legend:
 A = Kills in this place as a percentage of kills in entire the game.
 B = Kills by you in this place as a percentage of kills by you in the entire game.
 C = Kills by friends in this place as a percentage of kills by friends in the entire game.
 D = Other kills in this place as a percentage of other kills in the entire game.
 E = Experience gained in this place as a percentage of experience gained in the entire game.
 F = Experience gained in this place divided by the number of levels of this place that you have seen.
                   A       B       C       D       E      F
               +-------+-------+-------+-------+-------+----------------------
         Total | 100.0 | 100.0 | 100.0 |   N/A | 100.0 | 1001.5
       Dungeon |  91.5 |  92.5 |  62.5 |   N/A |  94.4 | 1155.4
          Lair |   1.2 |   1.3 |   0.0 |   N/A |   5.3 | 588.0
         Sewer |   7.3 |   6.3 |  37.5 |   N/A |   0.3 |  29.0
               +-------+-------+-------+-------+-------+----------------------
